[Event "Early-Titled-Tuesday-Blitz-October-10-2023"]
[Site "Chess.com"]
[Date "2023.10.10"]
[Round "7"]
[White "cristiano78"]
[Black "RamonManon0g"]
[Result "0-1"]
[WhiteElo "2245"]
[BlackElo "2328"]
[TimeControl "180+1"]
[EndTime "9:14:21 PDT"]
[Termination "RamonManon0g won by resignation"]

1. d4 Nf6 2. c3 g6 3. Nf3 d6 4. Bf4 Bg7 5. h3 O-O 6. e3 Nc6 7. Nbd2 Nd7 8. Bg3 e5 9. Be2 f5 10. O-O g5 11. dxe5 Ndxe5 12. Nxe5 Nxe5 13. Nf3 f4 14. exf4 gxf4 15. Bh2 Kh8 16. Nxe5 Bxe5 17. Bg4 Rg8 18.
Bxc8 Qxc8 19. Qf3 Qf5 20. Rfe1 Rg7 21. g4 Qg5 22. Re4 Rf8 23. Rae1 h5 24. Kf1 hxg4 25. hxg4 Qxg4 26. Ke2 Qf5 27. Kd2 Rh7 28. Rh1 Rff7 29. Bg1 Rxh1 30. Qxh1+ Rh7 31. Qf3 Rh3 32. Qe2 Rh1 33.
Qe1 Qg5 0-1

[Event "Early-Titled-Tuesday-Blitz-October-10-2023"]
[Site "Chess.com"]
[Date "2023.10.10"]
[Round "7"]
[White "SharapovEvgeny"]
[Black "Rozhkov_V"]
[Result "1-0"]
[WhiteElo "2617"]
[BlackElo "2447"]
[TimeControl "180+1"]
[EndTime "9:14:24 PDT"]
[Termination "SharapovEvgeny won on time"]

1. e4 e6 2. d4 d5 3. Nc3 Bb4 4. e5 c5 5. a3 Bxc3+ 6. bxc3 Ne7 7. Nf3 b6 8. a4 Ba6 9. Bxa6 Nxa6 10. Qe2 Nb8 11.
dxc5 bxc5 12. O-O O-O 13. c4 d4 14. Qe4 Na6 15. Ng5 Ng6 16. h4 h6 17. Nxe6 fxe6 18. Qxg6 Qe8 19. Qxe8 Raxe8 20. Bd2 Rb8 21. Rab1 Rfc8 22. Rb5 Rxb5 23. cxb5 Nb4 24. Bxb4 cxb4 25.
Rb1 Rxc2 26. Rxb4 d3 27. Rd4 d2 28. Kh2 Ra2 29. h5 g6 30. hxg6 Kg7 31. Kg3 Kxg6 32. Kf3 Kf5 33. Ke2 Kxe5 34. Rh4 d1=Q+ 35. Kxd1 Rxf2 36.
Rxh6 Ra2 37. Rh4 Rxg2 38. Rh7 Kd6 39. Rxa7 Kc5 40. Ra6 Ra2 41. b6 Kc6 42. a5 1-0

[Event "Early-Titled-Tuesday-Blitz-October-10-2023"]
[Site "Chess.com"]
[Date "2023.10.10"]
[Round "7"]
[White "FGHSMN"]
[Black "SmirnovAlexandrA"]
[Result "1-0"]
[WhiteElo "2857"]
[BlackElo "2638"]
[TimeControl "180+1"]
[EndTime "9:14:27 PDT"]
[Termination "FGHSMN won by resignation"]

1. d4 Nf6 2. Nf3 g6 3. c4 Bg7 4. Nc3 O-O 5. e4 d6 6. Be2 c5 7.
d5 e6 8. O-O exd5 9. cxd5 Re8 10. Nd2 a6 11. a4 Nbd7 12. f4 c4 13. Bf3 Nc5 14. a5 Bd7 15. e5 dxe5 16. fxe5 Rxe5 17.
Nxc4 Re8 18. Bf4 Bf5 19. Nd6 Re7 20. Nxf5 gxf5 21. d6 Re6 22. Qc2 Rc8 23. Qxf5 Nb3 24. Rad1 Nd7 25. Bd5 Rf6 26. Qg4 Rg6 27. Qh3 Ndc5 28.
Bxf7+ Kxf7 29. Bg5+ Bf6 30. Rxf6+ Rxf6 31. Qxh7+ Ke6 32. Re1+ Kxd6 33. Rd1+ Kc6 34. Rxd8 Rxd8 35. Bxf6 Rd7 36. Qf5 1-0

[Event "Early-Titled-Tuesday-Blitz-October-10-2023"]
[Site "Chess.com"]
[Date "2023.10.10"]
[Round "7"]
[White "Smiechu"]
[Black "kingofthenil"]
[Result "1-0"]
[WhiteElo "2502"]
[BlackElo "2702"]
[TimeControl "180+1"]
[EndTime "9:14:27 PDT"]
[Termination "Smiechu won by resignation"]

1. e4 g6 2. d4 Bg7 3. Nc3 c5 4. Nf3 cxd4 5. Nxd4 d6 6. Be3 Nf6 7. f3 a6 8. Qd2 b5 9. h4 h5 10. O-O-O Bb7 11. Kb1 Nbd7 12. Be2 Rc8 13. g4 Ne5 14. g5 Nfd7 15. f4 Nc4 16. Bxc4 Rxc4 17. f5 Qc8 18. f6 exf6 19. Ndxb5 axb5 20. Nxb5 Bf8 21. Bf4 Qc6 22. Nxd6+ Bxd6 23. Bxd6 Rxe4 24. Rhe1 Re6 25. gxf6 Nxf6 26. Qd4 Rh7 27. Rxe6+ fxe6 28. Qxf6 Rf7 29.
Qxe6+ Kd8 30. Qxf7 Qd5 1-0

[Event "Early-Titled-Tuesday-Blitz-October-10-2023"]
[Site "Chess.com"]
[Date "2023.10.10"]
[Round "7"]
[White "Daniel_Salinas"]
[Black "Likvidator228"]
[Result "0-1"]
[WhiteElo "2437"]
[BlackElo "2577"]
[TimeControl "180+1"]
[EndTime "9:14:27 PDT"]
[Termination "Likvidator228 won by resignation"]

1. e4 g5 2. d4 h6 3. h4 gxh4 4. Nf3 d5 5. exd5 Qxd5 6. Nc3 Qa5 7. Nxh4 Bg7 8. Be3 Nc6 9. Qd2 Bd7 10. d5 Ne5 11. Bd4 Bf6 12. f4 Ng4 13. Be2 Bxd4 14. Qxd4 N8f6 15. O-O-O O-O-O 16. Nf3 Qb6 17. Ne5 Rh7 18. Rh4 Qxd4 19. Rxd4 Rg7 20. Rd1 Bf5 21. Nxg4 Bxg4 22. Bxg4+ Rxg4 23. Rxg4 Nxg4 24. Rh1 Kd7 25. Ne4 b6 26. Rh4 Rg8 27. Kd2 c6 28. c4 cxd5 29.
cxd5 f5 30. Nc3 Nf6 31. Rh2 h5 32. Ke3 Ng4+ 0-1

[Event "Early-Titled-Tuesday-Blitz-October-10-2023"]
[Site "Chess.com"]
[Date "2023.10.10"]
[Round "7"]
[White "Mikhail_Golubev"]
[Black "Juicy_Fork"]
[Result "1-0"]
[WhiteElo "2610"]
[BlackElo "2463"]
[TimeControl "180+1"]
[EndTime "9:14:30 PDT"]
[Termination "Mikhail_Golubev won on time"]

1. e4 e5 2. Nf3 Nc6 3. Bc4 Nf6 4. Ng5 d5 5. exd5 Na5 6. Bb5+ c6 7. dxc6 bxc6 8.
Bd3 h6 9. Ne4 Ng4 10. h3 Nf6 11.
O-O Be7 12. Nxf6+ Bxf6 13. Nc3 O-O 14. Qf3 Be6 15. b3 Bd5 16. Be4 Bxe4 17. Nxe4 Be7 18. Qf5 Qc7 19. d3 g6 20. Nf6+ Kg7 21. Qd7 Qxd7 22.
Nxd7 Rfe8 23. Bb2 Bd6 24. f4 f6 25. Nxf6 Bc5+ 26. d4 Kxf6 27. dxc5 1-0

[Event "Early-Titled-Tuesday-Blitz-October-10-2023"]
[Site "Chess.com"]
[Date "2023.10.10"]
[Round "7"]
[White "AleksandrAleksikov"]
[Black "Shivananda1964"]
[Result "1-0"]
[WhiteElo "2237"]
[BlackElo "2403"]
[TimeControl "180+1"]
[EndTime "9:14:30 PDT"]
[Termination "AleksandrAleksikov won on time"]

1. e4 Nc6 2. Nf3 d6 3. d4 Nf6 4. Nc3 Bg4 5. Be3 e6 6. Be2 Be7 7. O-O d5 8. e5 Nd7 9. Nd2 Bxe2 10. Nxe2 O-O 11. c3 a5 12. a4 Ncb8 13. f4 f5 14.
exf6 Nxf6 15. Ng3 Nbd7 16. Nf3 c5 17. Qe2 Ra6 18. Rae1 h6 19. Kh1 Qe8 20. Qd3 Nh5 21.
Nxh5 Qxh5 22. Qb5 Nf6 23. Qxb7 1-0

[Event "Early-Titled-Tuesday-Blitz-October-10-2023"]
[Site "Chess.com"]
[Date "2023.10.10"]
[Round "7"]
[White "Msb2"]
[Black "Agibileg"]
[Result "1-0"]
[WhiteElo "3057"]
[BlackElo "2698"]
[TimeControl "180+1"]
[EndTime "9:14:31 PDT"]
[Termination "Msb2 won on time"]

1. d4 Nf6 2. c4 g6 3. Nc3 Bg7 4. e4 d6 5. Nf3 O-O 6. Be2 e5 7. Be3 Ng4 8. Bg5 f6 9. Bh4 Nc6 10. d5 Ne7 11. Nd2 f5 12. Bxg4 fxg4 13. Bg5 h6 14. Be3 c5 15. dxc6 bxc6 16. b4 Be6 17. O-O g5 18. b5 c5 19. Nd5 Ng6 20. a4 Nf4 21. a5 h5 22. Qb3 h4 23. b6 Rb8 24.
Qa4 axb6 25. axb6 Bxd5 26. exd5 Rxb6 27. Ne4 Qc8 28. Qa7 Rb7 29. Qa6 Ne2+ 30. Kh1 Qf5 31. Nxd6 Ng3+ 32. hxg3 Qh7 33. Kg1 Rd7 34. Nb5 Bf6 35.
Qe6+ Rdf7 36. Nd6 h3 37. Nxf7 Rxf7 38. Ra7 hxg2 39. Kxg2 Qh3+ 40. Kg1 1-0

[Event "Early-Titled-Tuesday-Blitz-October-10-2023"]
[Site "Chess.com"]
[Date "2023.10.10"]
[Round "7"]
[White "BlueWizzard"]
[Black "Korchmar_Vasiliy"]
[Result "1-0"]
[WhiteElo "2922"]
[BlackElo "2738"]
[TimeControl "180+1"]
[EndTime "9:14:32 PDT"]
[Termination "BlueWizzard won by resignation"]

1. d4 Nf6 2. Nc3 d5 3. Bg5 Nbd7 4. Nf3 a6 5. Qd3 b5 6. e4 dxe4 7. Nxe4 Bb7 8. Ng3 e6 9. Nh5 h6 10. Bh4 g5 11. Nxf6+ Qxf6 12. Bg3 c5 13. Ne5 Nb6 14.
Ng4 Qf5 15. Qxf5 exf5 16. Be5 fxg4 17. Bxh8 O-O-O 18. O-O-O Bd6 19. Be5 Bxe5 20. dxe5 Re8 21. Be2 h5 22. f3 Rxe5 23. Rhe1 f5 24. fxg4 hxg4 25. Bxg4 Rxe1 26. Bxf5+ Kc7 27. Rxe1 Bxg2 28. Rg1 1-0

[Event "Early-Titled-Tuesday-Blitz-October-10-2023"]
[Site "Chess.com"]
[Date "2023.10.10"]
[Round "7"]
[White "boasovietica"]
[Black "falzehope0"]
[Result "1-0"]
[WhiteElo "2516"]
[BlackElo "2317"]
[TimeControl "180+1"]
[EndTime "9:14:33 PDT"]
[Termination "boasovietica won by resignation"]

1. e4 d5 2. exd5 Nf6 3. d4 Qxd5 4. Nf3 Bg4 5. Be2 Nc6 6. Be3 O-O-O 7. Nbd2 e6 8. c4 Qf5 9. Qa4 Bb4 10. O-O-O Bxd2+ 11. Rxd2 Ne4 12. Rdd1 a6 13. h3 Bxf3 14. Bxf3 Ng5 15. Bxc6 bxc6 16. Qxc6 Qa5 17. Kb1 h6 18. d5 exd5 19.
Qa8+ Kd7 20. Rxd5+ Qxd5 21. Qxd5+ Ke7 22. Bxg5+ hxg5 23. Re1+ Kf6 24. Qe5+ Kg6 25. Qxc7 Rd2 26. Qc6+ f6 27. Qe4+ Kh6 28. h4 Rhd8 29. hxg5+ Kxg5 30. Kc1 a5 31. Qe3+ Kg6 32. Qxd2 Rxd2 33. Kxd2 a4 34. c5 Kf7 35. c6 a3 36. bxa3 Kg6 37. c7 Kg5 38. c8=Q Kg6 39. Qg4+ Kf7 40. Rb1 g5 41. Qf5 Kg7 42. Rb7+ Kf8 43. Qxf6+ 1-0

[Event "Early-Titled-Tuesday-Blitz-October-10-2023"]
[Site "Chess.com"]
[Date "2023.10.10"]
[Round "7"]
[White "rikchessmx"]
[Black "a-z30"]
[Result "1-0"]
[WhiteElo "2315"]
[BlackElo "2470"]
[TimeControl "180+1"]
[EndTime "9:14:36 PDT"]
[Termination "rikchessmx won on time"]

1. e4 Nf6 2. Nc3 d6 3. d4 g6 4. f3 c6 5. Be3 Nbd7 6. Qd2 Qc7 7.
g4 h6 8. Bc4 b5 9. Bb3 Bg7 10.
h4 a6 11. a3 Bb7 12. Nge2 c5 13.
Ng3 c4 14. Ba2 e6 15. Nce2 h5 16. g5 Ng8 17. c3 Ne7 18. Bb1 e5 19. Bc2 Rd8 20.
f4 exd4 21. Bxd4 Bxd4 22. Qxd4 O-O 23. O-O-O d5 24. e5 Nc5 25. f5 Nb3+ 26. Bxb3 cxb3 27. e6 Nc6 28. Qe3 fxe6 29. Qxe6+ Qf7 30. Nf4 d4 31. Qxg6+ Qxg6 32. Nxg6 dxc3 33. Nxf8 Rxf8 34. bxc3 Ne5 35. Rhe1 Nc4 36. Re7 1-0

[Event "Early-Titled-Tuesday-Blitz-October-10-2023"]
[Site "Chess.com"]
[Date "2023.10.10"]
[Round "7"]
[White "FischerKasparow"]
[Black "rachidhuilda"]
[Result "1-0"]
[WhiteElo "2135"]
[BlackElo "2358"]
[TimeControl "180+1"]
[EndTime "9:14:38 PDT"]
[Termination "FischerKasparow won by resignation"]

1. e4 c5 2. d4 cxd4 3. Nf3 d5 4. Qxd4 Nc6 5. Qxd5 Qxd5 6. exd5 Nb4 7. Bb5+ Bd7 8.
Bxd7+ Kxd7 9. Na3 Nxd5 10. O-O e6 11. Rd1 Ke8 12. Nb5 Rc8 13. Nxa7 Rxc2 14. Nd4 Rc7 15. Nab5 Rd7 16. Bg5 Be7 17. h4 Ngf6 18. Rac1 h6 19. Rc8+ Rd8 20. Rxd8+ Kxd8 21. Bxf6 Bxf6 22. Nd6 Ke7 23.
Nxb7 Rb8 24. Nc6+ Kd7 25. Nxb8+ Kc7 26. Nc5 Kxb8 27. Nd7+ Kc7 28. Nxf6 gxf6 29. g3 Kc6 30. Rc1+ Kb7 31. a3 Nb6 32. b4 f5 33. Kg2 h5 34.
Rd1 Nd5 35. Rc1 Kb6 36. Rc5 f4 37. Kf3 fxg3 38. fxg3 f5 39. Rc8 Kb5 40. Rh8 Ka4 41.
Ra8+ Kb3 42. b5 e5 43. b6 e4+ 44. Kf2 e3+ 45. Ke2 f4 46. gxf4 Kc4 47. b7 Kd4 48.
b8=Q Nxf4+ 49. Kf3 Nd3 50. Ra4+ 1-0

[Event "Early-Titled-Tuesday-Blitz-October-10-2023"]
[Site "Chess.com"]
[Date "2023.10.10"]
[Round "7"]
[White "NowInChess"]
[Black "Cambek64"]
[Result "0-1"]
[WhiteElo "2224"]
[BlackElo "2430"]
[TimeControl "180+1"]
[EndTime "9:14:39 PDT"]
[Termination "Cambek64 won by resignation"]

1. e4 e6 2. d3 d5 3. Nd2 Nf6 4. Ngf3 Nc6 5. c3 e5 6. Be2 a5 7.
a4 Bc5 8. O-O O-O 9. h3 Re8 10.
Re1 b6 11. Bf1 Bb7 12. exd5 Qxd5 13. Nc4 Rad8 14. Bg5 e4 15. Bxf6 gxf6 16. dxe4 Qh5 17. Qc2 Kh8 18. Ne3 Rg8 19. Ng4 Rxg4 20. hxg4 Qxg4 21.
Qe2 Rg8 22. Nd4 Qh4 23. Nf5 Qg5 24. Qf3 Ne5 25. Qg3 Qh5 26. Qh4 Nf3+ 27. Kh1 Nxh4 0-1

[Event "Early-Titled-Tuesday-Blitz-October-10-2023"]
[Site "Chess.com"]
[Date "2023.10.10"]
[Round "7"]
[White "JSlaby"]
[Black "HrvojeZagreb"]
[Result "1-0"]
[WhiteElo "2588"]
[BlackElo "2329"]
[TimeControl "180+1"]
[EndTime "9:14:41 PDT"]
[Termination "JSlaby won on time"]

1. e4 c5 2. Nc3 Nc6 3. f4 g6 4.
Nf3 Bg7 5. Bb5 Nd4 6. Bc4 e6 7.
d3 Ne7 8. O-O O-O 9. Nxd4 cxd4 10.
Ne2 d5 11. Bb3 dxe4 12. dxe4 b6 13. Ng3 Bb7 14. f5 exf5 15. exf5 Nd5 16. Qf3 Qd7 17. Ne4 gxf5 18. Qxf5 Qxf5 19. Rxf5 Rad8 20. Bg5 Rd7 21. Nf6+ Nxf6 22. Bxf6 Bxf6 23. Rxf6 d3 24. cxd3 Bd5 25.
Rd1 Bxb3 26. axb3 Rfd8 27. Rf3 Rd4 28. Kf2 Rb4 29. Rg3+ Kf8 30. d4 Rbxd4 31. Rxd4 Rxd4 32. Ke2 Rb4 33. Kd2 Rf4 34. Kc3 Ke7 35. Rh3 Rf2 36. g3 Rf3+ 37. Kb4 Rf5 38. Rxh7 a5+ 39. Kc3 b5 40. Rh4 Rf3+ 41. Kc2 Rf2+ 42. Kb1 1-0

[Event "Early-Titled-Tuesday-Blitz-October-10-2023"]
[Site "Chess.com"]
[Date "2023.10.10"]
[Round "7"]
[White "SALVA-DALI"]
[Black "lilleper1"]
[Result "0-1"]
[WhiteElo "2761"]
[BlackElo "2891"]
[TimeControl "180+1"]
[EndTime "9:14:42 PDT"]
[Termination "lilleper1 won by resignation"]

1. e4 c5 2. Nc3 g6 3. f4 Bg7 4.
Nf3 Nc6 5. Bc4 e6 6. d3 Nge7 7. e5 d6 8. exd6 Qxd6 9. O-O b6 10. Ne4 Qc7 11. Kh1 Bb7 12. a4 O-O 13. Qe2 Nf5 14.
c3 Rad8 15. Neg5 h6 16. Nh3 Na5 17. Ba2 Ba6 18. Nf2 Qd7 19. Ne5 Qc7 20. b4 cxb4 21.
cxb4 Nd4 22. Qg4 Nab3 23. Rb1 Bxe5 24. Bxb3 Bg7 25. b5 Bb7 26. Bc4 Nf5 27. Qe2 h5 28.
Bb2 Bxb2 29. Qxb2 Ne3 30. Rg1 Qxf4 31. Qe2 Nxc4 32. dxc4 Rd2 33. Nh3 Qxh2+ 34. Kxh2 Rxe2 35. c5 bxc5 36. Rbc1 Ra2 37. Nf4 Rxa4 38. Nd3 Bd5 39.
Nxc5 Ra2 40. Nd7 Rd8 41. Ne5 Re2 42. Nd3 Rb8 43. Nf4 Rb2 44. Rc7 R2xb5 45. Rf1 R5b7 46. Nxd5 exd5 47. Rfxf7 Rxc7 48. Rxc7 Ra8 49. Rc5 a5 50. Rxd5 a4 51. Rd2 a3 52. Ra2 Kf7 53. Kg3 Ke6 0-1

[Event "Early-Titled-Tuesday-Blitz-October-10-2023"]
[Site "Chess.com"]
[Date "2023.10.10"]
[Round "7"]
[White "MagnusCarlsen"]
[Black "mishanick"]
[Result "1-0"]
[WhiteElo "3289"]
[BlackElo "3086"]
[TimeControl "180+1"]
[EndTime "9:14:45 PDT"]
[Termination "MagnusCarlsen won by resignation"]

1. e4 c5 2. Nf3 d6 3. Bc4 Nf6 4. d3 e6 5. Bb3 Be7 6. O-O O-O 7. c3 b6 8. Re1 Bb7 9. Nbd2 Nbd7 10. d4 b5 11. Bc2 Rc8 12. Nf1 cxd4 13. cxd4 e5 14. Ng3 Re8 15. Bb3 exd4 16. Nxd4 Nc5 17.
Nxb5 Nxb3 18. Qxb3 d5 19. Nxa7 Rb8 20. Bf4 Bc5 21.
Bxb8 Qxb8 22. Nb5 Ng4 23. Re2 dxe4 24. Nc3 Nxf2 25. Rxf2 Bxf2+ 26. Kxf2 Qa7+ 27. Kf1 Ba6+ 28. Nge2 Re6 29. Nd5 h6 30. Rc1 Re5 31. Qb6 Qa8 32. Ne3 Re6 33. Qd4 Rf6+ 34. Ke1 Bxe2 35. Kxe2 Qa6+ 36. Rc4 Rd6 37. Qxe4 Qxa2 38. Rc8+ 1-0

[Event "Early-Titled-Tuesday-Blitz-October-10-2023"]
[Site "Chess.com"]
[Date "2023.10.10"]
[Round "7"]
[White "Rsnr"]
[Black "GothamChess"]
[Result "1-0"]
[WhiteElo "2859"]
[BlackElo "2747"]
[TimeControl "180+1"]
[EndTime "9:14:46 PDT"]
[Termination "Rsnr won on time"]

1. d4 f5 2. c4 Nf6 3. Nc3 e6 4. Qc2 Bb4 5. e3 b6 6. Bd3 Bb7 7. f3 O-O 8. Ne2 c5 9. a3 Bxc3+ 10. Qxc3 d6 11. O-O g6 12. b4 Nbd7 13. bxc5 bxc5 14.
d5 exd5 15. Nf4 Qe7 16. cxd5 Ne5 17. Re1 g5 18. Bxf5 gxf4 19. Be6+ Kh8 20. exf4 Ng6 21. f5 Ne5 22. f4 Ned7 23. Bb2 Qg7 24. Re3 Rf7 25.
Bxf7 Qxf7 26. Rae1 Rf8 27. Re6 1-0

[Event "Early-Titled-Tuesday-Blitz-October-10-2023"]
[Site "Chess.com"]
[Date "2023.10.10"]
[Round "7"]
[White "GaiozNigalidze"]
[Black "Lady_Nika"]
[Result "1-0"]
[WhiteElo "2718"]
[BlackElo "2545"]
[TimeControl "180+1"]
[EndTime "9:14:46 PDT"]
[Termination "GaiozNigalidze won by resignation"]

1. d4 d5 2. Nf3 e6 3. e3 f5 4. Be2 Nf6 5. b3 c6 6. O-O Bd6 7. Ba3 O-O 8. Bxd6 Qxd6 9. Ne5 Nbd7 10. f4 Ne4 11. Nxd7 Bxd7 12. Bf3 c5 13. Bxe4 fxe4 14. Nc3 Rac8 15. Rf2 Qb6 16. Ne2 c4 17. Qd2 Rc6 18. Rb1 Rfc8 19. b4 c3 20. Qe1 Rc4 21. a3 a5 22.
bxa5 Qc7 23. Rf1 Ra8 24. Rb3 Rxa5 25. Nxc3 Ra8 26. f5 exf5 27. Nxd5 Qd6 28. Nb6 Rac8 29. Nxc4 Rxc4 30. Rxb7 Qc6 31. Rb8+ Kf7 32. Qh4 Qg6 33.
Qd8 Qe6 34. Rb7 1-0

[Event "Early-Titled-Tuesday-Blitz-October-10-2023"]
[Site "Chess.com"]
[Date "2023.10.10"]
[Round "7"]
[White "lefonghua"]
[Black "Krlence"]
[Result "1-0"]
[WhiteElo "2611"]
[BlackElo "2446"]
[TimeControl "180+1"]
[EndTime "9:14:47 PDT"]
[Termination "lefonghua won by resignation"]

1. d4 d6 2. e4 Nf6 3. f3 e5 4. Ne2 Nbd7 5. c4 Be7 6. Nbc3 c6 7. Be3 O-O 8. Qd2 a5 9. d5 Qc7 10. Ng3 Re8 11. Be2 Nf8 12. O-O Ng6 13. Rfd1 Rd8 14.
Nf5 Bxf5 15. exf5 Nf8 16. Ne4 Nxe4 17. fxe4 c5 18. g4 a4 19. Qe1 Nd7 20. g5 Bf8 21. Qg3 Rac8 22. h4 b5 23. cxb5 c4 24. Rac1 Qa5 25. Bxc4 Qb4 26. b3 axb3 27. axb3 Nc5 28. Bxc5 Qxc5+ 29. Qf2 Qb4 30. Ra1 Ra8 31. Ra6 Rab8 32.
f6 gxf6 33. Qxf6 Bg7 34. Qf5 Qc5+ 35. Kg2 Rxb5 36. Bxb5 Qxb5 37. Ra2 Qxb3 38. Rdd2 Qc4 39. Rf2 Rf8 40. Ra7 Kh8 41. h5 h6 42. g6 Qd4 43.
Rxf7 1-0

[Event "Early-Titled-Tuesday-Blitz-October-10-2023"]
[Site "Chess.com"]
[Date "2023.10.10"]
[Round "7"]
[White "ural58"]
[Black "DarZay"]
[Result "1-0"]
[WhiteElo "2515"]
[BlackElo "2245"]
[TimeControl "180+1"]
[EndTime "9:14:48 PDT"]
[Termination "ural58 won by resignation"]

1. e4 c5 2. b3 d5 3. exd5 Qxd5 4. Nc3 Qd8 5. Bb2 Nc6 6. Bb5 Bd7 7. Nf3 Nd4 8. Bxd7+ Qxd7 9. Ne4 e6 10. c3 Nc6 11.
Qe2 O-O-O 12. O-O e5 13. d4 f5 14. Nxc5 Bxc5 15. dxc5 e4 16. Nd4 Nf6 17. Nxc6 Qxc6 18. b4 g5 19. c4 Rhg8 20. b5 Qe6 21. c6 b6 22. a4 f4 23. Bxf6 Qxf6 24. Qxe4 Rd4 25.
Qe2 f3 26. Qxf3 Qxf3 27. gxf3 g4 28. fxg4 Rdxg4+ 29. Kh1 Rxc4 30. a5 Kc7 31. Rfd1 Rg7 32.
axb6+ Kxb6 33. Rd5 Rc5 34. Rxc5 Kxc5 35. c7 Rxc7 36.
Rc1+ Kb6 37. Rxc7 Kxc7 38. f4 Kd6 39. Kg2 h5 40. Kf3 Kd5 41. Ke3 Ke6 42. Ke4 Kf6 43.
h4 Ke6 44. f5+ Kf6 45. Kf4 Kg7 46. Kg5 Kf7 47. Kxh5 Kf6 48. Kg4 1-0

[Event "Early-Titled-Tuesday-Blitz-October-10-2023"]
[Site "Chess.com"]
[Date "2023.10.10"]
[Round "7"]
[White "C_K_G"]
[Black "tarno17"]
[Result "1-0"]
[WhiteElo "1941"]
[BlackElo "2133"]
[TimeControl "180+1"]
[EndTime "9:14:48 PDT"]
[Termination "C_K_G won by checkmate"]

1. e4 c5 2. Nf3 e6 3. d4 cxd4 4. Nxd4 a6 5. Nc3 Qc7 6. Be2 b5 7. a3 Bb7 8. f4 d6 9. Be3 Nf6 10.
Bf3 Be7 11. O-O Nbd7 12. Qe2 O-O 13. g4 Nc5 14. Qg2 Rfd8 15. g5 Ne8 16. f5 e5 17.
Nde2 Qd7 18. Rad1 Nc7 19. Bxc5 Qc6 20. Be3 a5 21. Ng3 b4 22. axb4 axb4 23. Nd5 Nxd5 24. exd5 Qc4 25. f6 Bf8 26. fxg7 Bxg7 27. Nf5 Ra2 28. Bc1 Bc8 29. Nxg7 Kxg7 30. Be4 b3 31. cxb3 Qc5+ 32. Kh1 Ba6 33. Rf2 Ra1 34. Rc2 Qb4 35. Qf3 Rg8 36. Rc7 Rf8 37. Qf5 h6 38. Qh7# 1-0

[Event "Early-Titled-Tuesday-Blitz-October-10-2023"]
[Site "Chess.com"]
[Date "2023.10.10"]
[Round "7"]
[White "Fan_Of_Chucky"]
[Black "Alonmindlin"]
[Result "0-1"]
[WhiteElo "2543"]
[BlackElo "2715"]
[TimeControl "180+1"]
[EndTime "9:14:50 PDT"]
[Termination "Alonmindlin won by resignation"]

1. d4 Nf6 2. c4 e6 3. Nf3 Bb4+ 4.
Bd2 Qe7 5. g3 Nc6 6. e3 Bxd2+ 7.
Qxd2 O-O 8. Nc3 d5 9. cxd5 exd5 10. Bg2 Bf5 11. O-O Rad8 12. Rac1 h6 13. a3 Na5 14. Ne5 Nb3 15. Qe2 Nxc1 16. Rxc1 c6 17. b4 Nd7 18. Nxd7 Bxd7 19. Qd3 a5 20. Rb1 axb4 21. axb4 Ra8 22. b5 Qf6 23. bxc6 bxc6 24. e4 Ra3 25. Qd2 Be6 26. exd5 cxd5 27. Bxd5 Rc8 28. Bxe6 Qxe6 29. Nd1 Qe4 30. Rc1 Rd8 31. Rc4 Ra1 32. Rc1 Rxd4 33.
Qb2 Rxc1 34. Qxc1 Qe1+ 0-1

[Event "Early-Titled-Tuesday-Blitz-October-10-2023"]
[Site "Chess.com"]
[Date "2023.10.10"]
[Round "7"]
[White "Byniolus"]
[Black "Actuary44"]
[Result "1-0"]
[WhiteElo "2729"]
[BlackElo "2529"]
[TimeControl "180+1"]
[EndTime "9:14:50 PDT"]
[Termination "Byniolus won by resignation"]

1. d4 Nf6 2. Nf3 g6 3. Bf4 Bg7 4. e3 d6 5. h3 O-O 6. Be2 Nfd7 7.
O-O Nc6 8. Bh2 e5 9. c4 f5 10. Nc3 e4 11. Nd2 Ne7 12. b4 g5 13. Rc1 Nf6 14.
Re1 c6 15. d5 cxd5 16. cxd5 Kh8 17. Nc4 f4 18. exf4 gxf4 19. Bxf4 Ne8 20. Bh2 Bf5 21. Bf1 Ng6 22. Nxe4 Bxe4 23. Rxe4 Qg5 24. Nxd6 Qf6 25.
Nxe8 Qxf2+ 26. Kh1 Raxe8 27. Rxe8 Rxe8 28. d6 Rd8 29. Qc2 Qb6 30. Qc7 Qxc7 31. dxc7 Rc8 32. Rd1 Bf6 33.
Be2 Ne5 34. Bxe5 Bxe5 35. Rd8+ 1-0

[Event "Early-Titled-Tuesday-Blitz-October-10-2023"]
[Site "Chess.com"]
[Date "2023.10.10"]
[Round "7"]
[White "ferrufino64"]
[Black "LeoWin2012"]
[Result "1-0"]
[WhiteElo "2203"]
[BlackElo "2305"]
[TimeControl "180+1"]
[EndTime "9:14:52 PDT"]
[Termination "ferrufino64 won on time"]

1. e4 e5 2. Nf3 Nc6 3. Bb5 a6 4. Ba4 b5 5. Bb3 Nf6 6. O-O d6 7. Re1 Na5 8. c3 Nxb3 9. axb3 Be7 10. h3 c5 11. d3 h6 12. Nbd2 O-O 13. Nf1 Be6 14.
Ng3 a5 15. Be3 Qc7 16. Qc2 Ra6 17. Rf1 Rfa8 18. Nd2 a4 19. bxa4 Rxa4 20. Rxa4 bxa4 21. f4 exf4 22. Bxf4 a3 23. bxa3 Rxa3 24. Nf3 Qa5 25. Rc1 d5 26. Nf5 Bxf5 27. exf5 c4 28. dxc4 dxc4 29.
Be5 Nd5 30. Qe4 Nxc3 31. Bxc3 Rxc3 32. Rxc3 Bc5+ 33. Re3 Qc3 34. Kf2 Qb2+ 35. Kf1 Bxe3 36. Qxe3 c3 37. Ne1 c2 38. Nd3 Qb1+ 39. Nc1 Kh7 40.
Qd2 Qb5+ 41. Qd3 Qc5 42. g4 f6 43. Kg2 Qc6+ 44. Qf3 Qd6 45. Qd3 Qc6+ 46. Kg3 Qc7+ 47.
Kh4 Qc6 48. Qd2 1-0

[Event "Early-Titled-Tuesday-Blitz-October-10-2023"]
[Site "Chess.com"]
[Date "2023.10.10"]
[Round "7"]
[White "Journey_to_GrandMaster_YT"]
[Black "DrVelja"]
[Result "0-1"]
[WhiteElo "2641"]
[BlackElo "2848"]
[TimeControl "180+1"]
[EndTime "9:14:54 PDT"]
[Termination "DrVelja won on time"]

1. d4 Nf6 2. Nf3 g6 3. g3 Bg7 4.
Bg2 O-O 5. O-O d6 6. b3 a5 7.
Bb2 a4 8. c4 c6 9. Nbd2 Bf5 10.
Nh4 Bg4 11. h3 Bd7 12. e4 Qa5 13. Qc1 e5 14. c5 exd4 15. cxd6 Qb4 16. e5 a3 17.
Bxa3 Rxa3 18. Nc4 Ra8 19. exf6 Bxf6 20. a3 Qc3 21. Qxc3 dxc3 22. a4 Be6 23. Nf3 Nd7 24.
h4 b5 25. axb5 Rxa1 26. Rxa1 cxb5 27. Ne3 Nc5 28. b4 Nb3 29. Re1 Rc8 30. Nc2 Rd8 31. Rd1 Bf5 0-1

[Event "Early-Titled-Tuesday-Blitz-October-10-2023"]
[Site "Chess.com"]
[Date "2023.10.10"]
[Round "7"]
[White "subham777"]
[Black "lluiss"]
[Result "1-0"]
[WhiteElo "2512"]
[BlackElo "2199"]
[TimeControl "180+1"]
[EndTime "9:14:58 PDT"]
[Termination "subham777 won on time"]

1. e4 c5 2. Nf3 d6 3. d4 cxd4 4.
Qxd4 Nc6 5. Bb5 Bd7 6. Bxc6 Bxc6 7. c4 f5 8. exf5 Qa5+ 9. Nc3 Qxf5 10. Qe3 Nf6 11. Bd2 Ng4 12. Qe2 Bxf3 13. gxf3 Ne5 14. f4 Nd3+ 15. Kf1 O-O-O 16. Qe3 Kb8 17. Nb5 b6 18.
Nd4 Qg6 19. f5 Qe8 20. Qxd3 g6 21. fxg6 hxg6 22. Qe4 Rc8 23. b3 e5 24. Nf3 Bh6 25. Bxh6 Rxh6 26. Rd1 Qe7 27. Qd5 Rf8 28. Rg1 Rh7 29. Rg3 Rhf7 30. Qxd6+ Qxd6 31. Rxd6 Rxf3 32. Rxf3 Rxf3 33. Rxg6 e4 34. Kg2 Rd3 35. h4 Rd2 36. Kg3 Rxa2 37. h5 Ra3 38. h6 Rxb3+ 39. Kg2 1-0

[Event "Early-Titled-Tuesday-Blitz-October-10-2023"]
[Site "Chess.com"]
[Date "2023.10.10"]
[Round "7"]
[White "Manukyan_Artak"]
[Black "Roman_Ovetchkin"]
[Result "0-1"]
[WhiteElo "2471"]
[BlackElo "2693"]
[TimeControl "180+1"]
[EndTime "9:14:59 PDT"]
[Termination "Roman_Ovetchkin won on time"]

1. e4 c6 2. d4 d5 3. e5 Bf5 4. c4 e6 5. Nc3 Ne7 6. Nf3 Nd7 7. Nh4 dxc4 8. Bxc4 Nb6 9. Bb3 Qd7 10.
O-O Bg6 11. Bg5 Nf5 12. Nxf5 Bxf5 13. Qe2 Qxd4 14. Rad1 Qg4 15. Qe3 h6 16. Bf4 Be7 17. h3 Qg6 18. Kh2 Nd5 19. Nxd5 exd5 20. g4 Be6 21.
Bg3 h5 22. g5 Bxg5 23. f4 h4 24.
Be1 Be7 25. Rg1 Qh7 26. Rg2 Bf5 27. Bc3 Qh6 28. Rdg1 g6 29. e6 f6 30. Bd4 Bd6 31. Rf1 O-O 32. Bc2 Bxc2 33. Rxc2 Rae8 34. Re2 b6 0-1